 Dungeon Crawl Stone Soup version 0.31.0-12-g77e489cdc1 (webtiles) character file.

Game seed: 8087119280822430690

257 Silvore the Trooper (level 5, -2/42 HPs)
             Began as a Demonspawn Fighter on Feb 15, 2024.
             Killed by divine providence
             ... invoked by an orc priest
              (17 damage)
             ... on level 3 of the Dungeon.
             The game lasted 00:02:22 (2036 turns).

Silvore the Trooper (Demonspawn Fighter)            Turns: 2036, Time: 00:02:22

Health: -2/42      AC: 10    Str: 18    XL:     5   Next: 93%
Magic:  5/5        EV:  9    Int:  9    God:
Gold:   128        SH:  4    Dex: 12    Spells: 4/4 levels left

rFire   . . .        a - +1 long sword
rCold   . . .        c - +0 buckler
rNeg    . . .        b - +0 scale mail
rPois   .            (helmet restricted)
rElec   .            (no cloak)
rCorr   .            (no gloves)
SInv    .            g - +0 pair of boots
Will    .....        (no amulet) Stlth
                     (no ring)
HPRegen 0.27/turn    (no ring)
MPRegen 0.09/turn

%: no passive effects
@: no status effects
A: horns 2, thin metallic scales 1
a: no special abilities


You were on level 3 of the Dungeon.
You visited 1 branch of the dungeon, and saw 3 of its levels.

You collected 128 gold pieces.

Inventory:

Hand Weapons
 a - a +1 long sword (weapon)
Armour
 b - a +0 scale mail (worn)
 c - a +0 buckler (worn)
 g - a +0 pair of boots (worn)
Jewellery
 i - an amulet of faith
Wands
 o - a wand of flame (19)
Scrolls
 e - a scroll of teleportation {unknown}
 m - 2 scrolls of fear
 n - 2 scrolls of poison
 p - a scroll of blinking
Potions
 d - 2 potions of might
 f - a potion of curing {unknown}
 h - a potion of attraction
 j - 2 potions of enlightenment
 k - a potion of haste
 l - a potion of resistance
 q - a potion of ambrosia
 r - a potion of mutation {unknown}


   Skills:
 + Level 4.2 Fighting
 + Level 3.6 Long Blades
 + Level 3.6 Armour
 + Level 1.0 Dodging
 + Level 0.1 Stealth
 + Level 3.2 Shields


You had 4 spell levels left.
You didn't know any spells.
Your spell library was empty.

Dungeon Overview and Level Annotations

Branches:
Dungeon (3/15)

Altars:
Sif Muna

Shops:
D:1 (


Innate Abilities, Weirdness & Mutations

You have a pair of horns on your head.
You are partially covered in thin metallic scales. (AC +2)


Message History

You barely miss the orc priest. Your headbutt misses the orc priest.
You block the orc priest's attack.
You hit the orc priest but do no damage.
The orc priest hits you but does no damage.
The adder hisses angrily.
You hit the orc priest but do no damage.
The orc priest hits you but does no damage.
You slash the orc!
You kill the orc!
You slash the goblin!
You kill the goblin!
You hit the endoplasm.
The endoplasm is heavily wounded.
The endoplasm freezes you.
You are frozen.
You hit the endoplasm.
The endoplasm is almost dead.
The endoplasm hits you but does no damage.
The orc priest calls down the wrath of Beogh upon you.
Beogh smites you! The endoplasm barely misses you.
The orc priest calls down the wrath of Beogh upon you.
Beogh smites you!
You hit the endoplasm.
You kill the endoplasm!
You hit the orc but do no damage. The orc hits you but does no damage.
You hit the orc. Your headbutt misses the orc.
The orc is heavily wounded.
The orc barely misses you. The adder bites you.
You barely miss the orc.
The orc is heavily wounded.
The orc closely misses you. The adder closely misses you.
The orc closely misses you.
You slash the orc!
You kill the orc!
The adder bites you but does no damage. x2
You hit the orc priest but do no damage.
The adder bites you but does no damage.
The orc priest calls down the wrath of Beogh upon you.
Beogh smites you!
You die...

..............########
..............#.......#
......................#
......................#
.####.#####...........#
.# ##.## #...........# .#
#...# ###.........#
.###...# #.........#
.......# #...@#+#####+
.......# #..So#.#.....
.......######....#.......
...........##.###).......
...........##.# #........
...........##.. +........
....#......### #........
....#......# #...#####
....######## #?[.#


You could see an orc priest and an adder.

Vanquished Creatures
  A water moccasin (D:3)
  A gnoll (D:1)
  10 adders (D:2)
  2 dart slugs
  2 orcs (D:3)
  A bat (D:3)
  7 endoplasms
  4 goblins
  2 hobgoblins
  2 jackals (D:1)
  2 quokkas (D:2)
  8 ball pythons
  A frilled lizard (D:1)
  4 kobolds
  3 rats
50 creatures vanquished.

Notes
Turn   | Place    | Note
-------+----------+-------------------------------------------
     0 | D:1      | Silvore the Demonspawn Fighter began the quest for the Orb.
     0 | D:1      | Reached XP level 1. HP: 18/18 MP: 1/1
   253 | D:1      | Found Boim's Weapon Shoppe.
   307 | D:1      | Gained mutation: You have a pair of small horns on your
                  | head. [demonic ancestry]
   307 | D:1      | Reached XP level 2. HP: 23/24 MP: 2/2
   712 | D:1      | Found a faded altar of an unknown god.
   880 | D:2      | Reached XP level 3. HP: 28/29 MP: 3/3
   994 | D:2      | Gained mutation: You have a pair of horns on your head.
                  | [demonic ancestry]
   994 | D:2      | Reached XP level 4. HP: 37/37 MP: 4/4
  1496 | D:2      | Reached skill level 4 in Fighting
  1758 | D:3      | Gained mutation: You are partially covered in thin metallic
                  | scales. (AC +2) [demonic ancestry]
  1758 | D:3      | Reached XP level 5. HP: 42/42 MP: 5/5
  1767 | D:3      | Noticed a water moccasin
  1778 | D:3      | Killed a water moccasin
  1914 | D:3      | Reached skill level 1 in Dodging
  1941 | D:3      | Found a shimmering blue altar of Sif Muna.
  2036 | D:3      | Killed from afar by an orc priest

Illustrated notes

Levels and vault maps discovered:
D:1:      tekkud_arrival_beachfront_property, layout_loops_ring, serial_shops,
          nicolae_shop_bloodbath_and_beyond, hellmonk_ecumenical_altar_zigzags,
          minmay_door_square, minmay_stone_trees_small
D:2:      layout_loops_ring, minmay_fountain_box, minmay_snake_closets
D:3:      layout_basic, mainiacjoe_overflow_chevrons, led_xom_imps

Skill      XL: |  1  2  3  4  5 |
---------------+----------------+-----
Long Blades    | 2 3 |  3.6
Armour         | 3 |  3.6
Shields        | 3 |  3.2
Fighting       | 4 |  4.2
Dodging        | 1 |  1.0
Stealth        | |  0.1

Action                     |  1- 3 |  4- 6 || total
---------------------------+-------+-------++-------
  Melee: Long sword        |    76 |    86 ||   162
         Headbutt          |     2 |     7 ||     9
    Use: Scroll            |     4 |     7 ||    11
 Armour: Scale mail        |    52 |    64 ||   116
  Dodge: Dodged            |    40 |    33 ||    73
  Block: Buckler           |    22 |    22 ||    44
